 Dungeon Crawl Stone Soup version 0.28-a0-622-gbaef9634d7 (webtiles) character file.

Game seed: 1253912595644587238

26 KristoblXynda the Slasher (level 2, -2/25 HPs)
             Began as a Draconian Gladiator on Oct 7, 2021.
             Succumbed to a hobgoblin's poison
             ... on level 2 of the Dungeon.
             The game lasted 00:00:56 (1115 turns).

KristoblXynda the Slasher (Draconian Gladiator)     Turns: 1115, Time: 00:00:57

Health: -2/25      AC:  4    Str: 16    XL:     2   Next: 89%
Magic:  2/2        EV: 12    Int:  8    God:
Gold:   74         SH:  0    Dex: 12    Spells: 1/1 levels left

rFire   . . .      SeeInvis .   a - +0 long sword
rCold   . . .      Faith    .   (no shield)
rNeg    . . .      Spirit   .   (armour unavailable)
rPois   .          Reflect  .   b - +0 hat
rElec   .          Harm     .   (no cloak)
rCorr   .          Rampage  .   (no gloves)
Will    .....                   (no boots)
Stlth   +.........              (no amulet)
HPRegen 0.08/turn               (no ring)
MPRegen 0.08/turn               (no ring)

@: lethally poisoned (-2 -> -24)
A: AC +4, unfitting armour, cold-blooded
a: no special abilities


You were on level 2 of the Dungeon.
You visited 1 branch of the dungeon, and saw 2 of its levels.

You collected 74 gold pieces.

Inventory:

Hand Weapons
 a - a +0 long sword (weapon)
Missiles
 c - a throwing net (quivered)
Armour
 b - a +0 hat (worn)
Scrolls
 f - 3 scrolls of identify {unknown}
 g - a scroll of brand weapon {unknown}
 h - a scroll of teleportation {unknown}
 i - a scroll of immolation {unknown}
Potions
 d - a potion of attraction {unknown}
 e - a potion of invisibility {unknown}


   Skills:
 + Level 2.6 Fighting
 * Level 3.4 Long Blades
 - Level 2.0 Throwing
 + Level 3.0 Dodging


You had one spell level left.
You didn't know any spells.
Your spell library was empty.

Dungeon Overview and Level Annotations

Branches:
Dungeon (2/15)

Altars:


Innate Abilities, Weirdness & Mutations

Your plain brown scales are hard. (AC +4)
You cannot fit into any form of body armour.
You are cold-blooded and may be slowed by cold attacks.


Message History

You see here a quokka skeleton.
Things that are here:
a +0 whip; a stone
Found an escape hatch in the floor.
h - a scroll labelled ZETANL LINAANG No target in view!
No target in view!
f - 3 scrolls labelled ZIOCRE OHONY (gained 1)
Found a stone staircase leading down.
There is a stone staircase leading down here.
i - a scroll labelled XOSMOAXUUMN A hobgoblin comes into view.
It is wielding a +1 dagger of venom.
The hobgoblin hits you with a +1 dagger of venom.
You are poisoned.
You hit the hobgoblin.
The hobgoblin is severely wounded.
You feel sick.
A bat comes into view.
The hobgoblin misses you.
The hobgoblin hits you with a +1 dagger of venom.
You are more poisoned.
Throw: 3 throwing nets
Press: ? - help, Q - select action Shift-Dir - straight line, f - hobgoblin
Aim: a hobgoblin, wielding a +1 dagger of venom (severely wounded, 59% to hit)
You throw a throwing net.
The throwing net closely misses the hobgoblin.
You feel very sick.
The hobgoblin hits you with a +1 dagger of venom.
You are more poisoned.
Throw: 2 throwing nets
Press: ? - help, Q - select action Shift-Dir - straight line, f/p - hobgoblin
Aim: a hobgoblin, wielding a +1 dagger of venom (severely wounded, 59% to hit)
You throw a throwing net. The throwing net hits the hobgoblin.
The hobgoblin is caught in the net!
The hobgoblin is severely wounded.
* * * LOW HITPOINT WARNING * * *
You feel very sick.
You hit the hobgoblin but do no damage.
The hobgoblin is severely wounded.
You die...

..# ...... ..# ..⌠.≈
..# ≈⌠.≈ # ..# ..
.P. .. ## #.. .. ###
# .# #.# #..
.###..#.# ##†#..#
##..####bg......
#..#.#
..##....@P...# #.#.#
#............# ...##
##.##.#.#...## ....#
##..##......##
.#.#†###.#.##.######
.#.##.#.......#
.#.###.##.....#
......####.##.#
.(....# ####.#


You could see a hobgoblin (caught) and a bat.

Vanquished Creatures
  2 bats (D:1)
  2 endoplasms (D:1)
  A goblin (D:1)
  2 hobgoblins (D:1)
  5 jackals
  A quokka (D:2)
  4 ball pythons
  A kobold (D:2)
  7 rats
25 creatures vanquished.

Vanquished Creatures (others)
  5 fungi (D:2)
  11 plants (D:2)
16 creatures vanquished.

Grand Total: 41 creatures vanquished

Notes
Turn   | Place    | Note
-------+----------+-------------------------------------------
     0 | D:1      | KristoblXynda the Draconian Gladiator began the quest for
                  | the Orb.
     0 | D:1      | Reached XP level 1. HP: 17/17 MP: 1/1
   249 | D:1      | Reached XP level 2. HP: 23/25 MP: 2/2
  1115 | D:2      | Succumbed to a hobgoblin's poison

Illustrated notes

Levels and vault maps discovered:
D:1:      dpeg_arrival_ratfight, layout_basic
D:2:      layout_loops_cross, serial_shops, nicolae_diamond_shop,
          shapermc_ecumenical_altar_mp_ritualfount, kennysheep_generic_room_13

Skill      XL: |  1  2 |
---------------+-------+-----
Throwing       | 2 |  2.0
Dodging        | 3 |  3.0
Fighting       | |  2.6
Long Blades    | |  3.4

Action                   || total
-------------------------++-------
Melee: Long sword        ||    77
       Tailslap          ||    10
Throw: Throwing net      ||     2
Armor: Skin              ||    35
Dodge: Dodged            ||    76

Table legend: (Time is in decaauts)
 A = Elapsed time spent in this place.
 B = Non-inter-level travel time spent in this place.
 C = Inter-level travel time spent in this place.
 D = Time resting spent in this place.
 E = Time spent auto-exploring this place.
 F = Levels seen in this place.
 G = Mean time per level.
                   A        B        C        D        E       F      G
               +--------+--------+--------+--------+--------+-----+--------+
         Total |   1132 |   1091 |     41 |    202 |    717 |   2 |  566.0 |
       Dungeon |   1132 |   1091 |     41 |    202 |    717 |   2 |  566.0 |
               +--------+--------+--------+--------+--------+-----+--------+

Top non-repeatable levels by time:
     D:1: 704 daAuts
     D:2: 428 daAuts
